 Dungeon Crawl Stone Soup version 0.23.2-30-g0e89c35649 (webtiles) character file.

Game seed: 4386952640824822447

56 H0rd4k the Magician (level 3, -1/19 HPs)
             Began as a Deep Elf Wizard on June 24, 2019.
             Slain by a gnoll
             ... wielding a +0 spear
              (9 damage)
             ... on level 2 of the Dungeon.
             The game lasted 00:03:21 (1497 turns).

H0rd4k the Magician (Deep Elf Wizard)               Turns: 1497, Time: 00:03:21

Health: -1/19      AC:  3    Str:  4    XL:     3   Next: 69%
Magic:  12/12      EV: 13    Int: 23    God:
Gold:   73         SH:  0    Dex: 13    Spells: 12/13 levels left

rFire    . . .     SeeInvis .   (no weapon)
rCold    . . .     Gourm    .   (no shield)
rNeg     . . .     Faith    .   a - +0 robe
rPois    .         Spirit   .   g - +1 hat
rElec    .         Reflect  .   (no cloak)
rCorr    .         Harm     .   (no gloves)
MR       .....                  (no boots)
Stlth    ++........             (no amulet)
HPRegen  0.06/turn              (no ring)
MPRegen  0.13/turn              (no ring)

@: no status effects
A: no striking features
a: no special abilities


You were on level 2 of the Dungeon.
You were hungry.

You visited 1 branch of the dungeon, and saw 2 of its levels.

You collected 73 gold pieces.

Inventory:

Missiles
 i - 4 steel tomahawks (quivered)
Armour
 a - a +0 robe (worn)
 b - a +0 hat
 g - a +1 hat (worn)
Jewellery
 e - an uncursed ring of positive energy {unknown}
 h - an uncursed ring of positive energy {unknown}
Scrolls
 c - a scroll of immolation {unknown}
 f - a scroll of teleportation {unknown}
 j - a scroll of enchant weapon {unknown}
 k - a scroll of fear {unknown}
Potions
 l - a potion of curing {unknown}
Comestibles
 d - 3 rations


   Skills:
 + Level 2.9 Dodging
 + Level 2.7 Stealth
 + Level 5.8 Spellcasting
 + Level 1.7 Conjurations
   Level 1.1 Summonings
   Level 1.1 Translocations


You had 12 spell levels left.
You knew the following spells:

 Your Spells              Type           Power        Failure   Level  Hunger
a - Magic Dart            Conj           ##..         4%          1    None

Your spell library contained the following spells:

 Spells                   Type           Power        Failure   Level  Hunger
 Blink                    Tloc           N/A          9%          2    None
 Call Imp                 Summ           ##......     9%          2    None
 Slow                     Hex            #.......     13%         2    None
 Conjure Flame            Conj/Fire      ##......     19%         3    #......
 Mephitic Cloud           Conj/Pois/Air  #.......     21%         3    #......


Dungeon Overview and Level Annotations

Branches:
Dungeon (2/15)

Altars:
Ashenzari
Gozag

Annotations:
D:2 exclusion: worm


Message History

Found a stone staircase leading up.
Found a stone staircase leading down.
Casting: Magic Dart (safe; 4% risk of failure)
Confirm with . or Enter, or press ? or * to list all spells.
You don't know that spell. 3 gnolls come into view.
The gnoll shouts! x3
The gnoll moves out of view.
Casting: Magic Dart (safe; 4% risk of failure)
Confirm with . or Enter, or press ? or * to list all spells.
You don't know that spell.
Unknown command.
The gnoll hits you from afar with a +0 spear!
Ouch! That really hurt!
The gnoll closely misses you.
A gnoll comes into view. It is wielding a +0 spear.
There is a stone staircase leading up here.
The gnoll shouts!
The gnoll hits you from afar with a +0 spear!
You die...

..# .#.# ... ..#
####..# g... .....#
...###### #####.#.#
........####....@..##
...................>#
........#.##g#gg...##
........#.##.#.....#
........#.##.#g##....
...# #.##...# .#..#
...# #.##.#.. ....#
#..# #.##.... .#..#
##.######.######


You could see 4 gnolls.

Vanquished Creatures
  An ooze (D:2)
  2 dart slugs
  4 leopard geckos
  4 bats
  4 giant cockroaches (D:1)
  3 goblins (D:1)
  8 hobgoblins
  4 frilled lizards
  4 kobolds
  5 rats
39 creatures vanquished.

Notes
Turn   | Place    | Note
-------+----------+-------------------------------------------
     0 | D:1      | H0rd4k the Deep Elf Wizard began the quest for the Orb.
     0 | D:1      | Reached XP level 1. HP: 10/10 MP: 7/7
   194 | D:1      | Reached XP level 2. HP: 15/15 MP: 4/9
   217 | D:1      | Reached skill level 5 in Spellcasting
   749 | D:1      | Reached XP level 3. HP: 19/19 MP: 9/11
  1355 | D:2      | Found an opulent altar of Gozag.
  1389 | D:2      | Found a shattered altar of Ashenzari.
  1497 | D:2      | Slain by a gnoll

Skill      XL: |  1  2 |
---------------+-------+-----
Spellcasting   | 5 |  5.8
Dodging        | |  2.9
Stealth        | |  2.7
Conjurations   | |  1.7
Summonings     | |  1.1
Translocations | |  1.1

Action                   || total
-------------------------++-------
 Cast: Magic Dart        ||   102
  Eat: Chunk             ||     1
Armor: Robe              ||     1
Dodge: Dodged            ||    10
